 Dungeon Crawl Stone Soup version 0.30-a0-121-gb27577e5d9 (webtiles) character file.

Game seed: 5525795077419883427

457 MisterAzrael the Slasher (level 6, -13/56 HPs)
             Began as a Minotaur Fighter on Sept 14, 2022.
             Mangled by Menkaure (21 damage)
             ... on level 4 of the Dungeon.
             The game lasted 00:05:07 (3690 turns).

MisterAzrael the Slasher (Minotaur Fighter)         Turns: 3690, Time: 00:05:08

Health: -13/56     AC:  9    Str: 20 (23) XL:     6   Next: 77%
Magic:  5/5        EV:  7    Int:  3 (5)  God:
Gold:   128        SH:  4    Dex:  6 (9)  Spells: 5/5 levels left

rFire   . . .      SeeInvis .    a - +0 long sword
rCold   . . .      Faith    .    c - +0 buckler
rNeg    . . .      Spirit   .    e - +0 chain mail
rPois   .          Reflect  .    (helmet restricted)
rElec   .          Harm     .    (no cloak)
rCorr   .          Rampage  .    (no gloves)
Will    .....                    (no boots)
Stlth   ..........               (no amulet)
HPRegen 0.18/turn                (no ring)
MPRegen 0.09/turn                (no ring)

@: attractive
A: horns 2, retaliatory headbutt
a: no special abilities


You were on level 4 of the Dungeon.
You visited 1 branch of the dungeon, and saw 4 of its levels.

You collected 128 gold pieces.

Inventory:

Hand Weapons
 a - a +0 long sword (weapon)
 s - a +0 sling of freezing
Missiles
 d - 4 boomerangs (quivered)
 m - 8 poisoned darts
Armour
 b - a +0 scale mail
 c - a +0 buckler (worn)
 e - a +0 chain mail (worn)
Jewellery
 t - a ring of wizardry
Scrolls
 f - 2 scrolls of identify {unknown}
 g - a scroll of fog {unknown}
 j - 2 scrolls of immolation {unknown}
 l - a scroll of torment {unknown}
 n - a scroll of magic mapping {unknown}
 o - a scroll of brand weapon {unknown}
 q - 2 scrolls of summoning {unknown}
 v - a scroll of amnesia {unknown}
 w - a scroll of fear {unknown}
Potions
 h - 3 potions of flight
 i - a potion of ambrosia
 k - 2 potions of attraction
 p - a potion of curing
 u - a potion of berserk rage {unknown}


   Skills:
 + Level 5.2 Fighting
 * Level 5.7 Long Blades
 + Level 2.3 Throwing
 + Level 5.3 Armour
 - Level 4.2 Shields


You had 5 spell levels left.
You didn't know any spells.
Your spell library contained the following spells:

 Spells                   Type           Power      Damage    Failure   Level
 Beastly Appendage        Tmut           0%         N/A       100%        1
 Static Discharge         Conj/Air       0%         3-3/arc   100%        2
 Wereblood                Tmut           0%         N/A       100%        2
 Ignite Poison            Fire/Tmut/Pois 0%         N/A       100%        3
 Mephitic Cloud           Conj/Pois/Air  0%         N/A       100%        3
 Spider Form              Tmut/Pois      0%         N/A       100%        3
 Arcjolt                  Conj/Air       0%         1d10      100%        5
 Freezing Cloud           Conj/Ice/Air   0%         6-21      100%        5
 Lightning Bolt           Conj/Air       0%         1d11      100%        5
 Summon Forest            Summ/Tloc      0%         N/A       100%        5
 Summon Mana Viper        Hex/Summ       0%         N/A       100%        5
 Summon Cactus Giant      Summ           0%         N/A       100%        6
 Maxwell's Capacitive Co  Air            0%         ∞         100%        8


Dungeon Overview and Level Annotations

Branches:
Dungeon (4/15)
 Temple: D:4-7

Altars:
Sif Muna
Vehumet

Annotations:
D:4 2 transporters, Menkaure; drugrobin's ghost, weakling DgDe


Innate Abilities, Weirdness & Mutations

You have a pair of horns on your head.
You reflexively headbutt those who attack you in melee.


Message History

Menkaure barely misses you.
You feel less invigorated.
You feel less confused. You block Menkaure's attack.
You hit Menkaure.
You headbutt Menkaure, but do no damage.
Menkaure is lightly damaged.
Menkaure hits you!
You hit Menkaure but do no damage.
Menkaure is lightly damaged.
Menkaure mumbles some strange words.
Menkaure seems to speed up.
You hit Menkaure.
Menkaure is lightly damaged.
Menkaure casts a spell at you. Pain shoots through your body!
It was a potion of attraction.
You feel attractive to monsters. Menkaure hits you!
* * * LOW HITPOINT WARNING * * *
Menkaure hits you but does no damage.
It was a potion of curing.
You feel better. Menkaure barely misses you. You furiously retaliate!
You headbutt Menkaure!
You feel better. Menkaure hits you.
You slash Menkaure!
Menkaure is severely damaged.
Menkaure barely misses you.
You hit Menkaure.
Menkaure is severely damaged.
Menkaure hits you. Menkaure hits you!
* * * LOW HITPOINT WARNING * * *
You hit Menkaure.
Menkaure is severely damaged.
Menkaure barely misses you.
It was a potion of degeneration.
There was something very wrong with that liquid.
You feel weakened.
You feel dopey.
You feel clumsy. Menkaure barely misses you. You furiously retaliate!
You headbutt Menkaure. Menkaure hits you!!
You die...

###........
..#....#..##.## .#
#......#...... ..
.......#..##.# .#
.......#..##.####.#
.......#..........#
.......#..........#
................#.#####.
............[...@.......
................#M##.###
.........##...#.#.#
..#...........#.#.#
......#####...#.#.#
..............#.#.#
....#.#####...#.#.#
....#.# #...#.#.#
....... .......


You could see Menkaure (fast).

Vanquished Creatures
  A black bear (D:4)
  A scorpion (D:4)
  A jelly (D:4)
  An orc priest (D:4)
  4 orc wizards
  A gnoll (D:1)
  An adder (D:3)
  3 worms
  9 dart slugs
  16 orcs
  11 endoplasms
  2 giant cockroaches (D:1)
  8 hobgoblins
  6 kobolds
  A quokka (D:2)
  3 ball pythons
  5 bats
  4 frilled lizards
  7 goblins
  4 rats
89 creatures vanquished.

Notes
Turn   | Place    | Note
-------+----------+-------------------------------------------
     0 | D:1      | MisterAzrael the Minotaur Fighter began the quest for the
                  | Orb.
     0 | D:1      | Reached XP level 1. HP: 19/19 MP: 0/0
   151 | D:1      | Reached XP level 2. HP: 27/27 MP: 1/1
   250 | D:1      | Reached XP level 3. HP: 21/33 MP: 2/2
  1393 | D:2      | Reached XP level 4. HP: 13/40 MP: 3/3
  2095 | D:3      | Reached skill level 1 in Throwing
  2096 | D:3      | Reached XP level 5. HP: 21/47 MP: 4/4
  3022 | D:4      | Noticed a black bear
  3029 | D:4      | Found a shimmering blue altar of Sif Muna.
  3064 | D:4      | Reached skill level 5 in Long Blades
  3064 | D:4      | Reached XP level 6. HP: 33/55 MP: 5/5
  3077 | D:4      | Found a radiant altar of Vehumet.
  3090 | D:4      | Reached skill level 5 in Armour
  3216 | D:4      | Reached skill level 5 in Fighting
  3250 | D:4      | Found a transporter.
  3260 | D:4      | Found a transporter.
  3260 | D:4      | Noticed drugrobin's ghost (weakling DgDe)
  3673 | D:4      | Noticed Menkaure
  3690 | D:4      | Mangled by Menkaure

Illustrated notes

Levels and vault maps discovered:
D:1:      heliophobic_arrival_ceremonial_halls, layout_loops_cross
D:2:      layout_basic, chequers_serial_rivers_marsh
D:3:      layout_basic
D:4:      layout_basic, mainiacjoe_overflow_catch_the_wave,
          gammafunk_ghost_arena, uniq_menkaure

Skill      XL: |  1  2  3  4  5  6 |
---------------+-------------------+-----
Fighting       | 4 5 |  5.2
Armour         | 4 5 |  5.3
Shields        | 4 |  4.2
Long Blades    | 3 4 5 |  5.7
Throwing       | 1 2 |  2.3

Action                   |  1- 3 |  4- 6 || total
-------------------------+-------+-------++-------
Melee: Long sword        |    86 |    98 ||   184
       Headbutt          |    13 |    15 ||    28
Throw: Dart              |       |    13 ||    13
       Boomerang         |       |    58 ||    58
  Use: Potion            |       |     8 ||     8
Armor: Scale mail        |    14 |       ||    14
       Chain mail        |    16 |    86 ||   102
Dodge: Dodged            |    36 |    53 ||    89
Block: Buckler           |    14 |    36 ||    50

Table legend: (Time is in decaauts)
 A = Elapsed time spent in this place.
 B = Non-inter-level travel time spent in this place.
 C = Inter-level travel time spent in this place.
 D = Time resting spent in this place.
 E = Time spent auto-exploring this place.
 F = Levels seen in this place.
 G = Mean time per level.
                   A        B        C        D        E       F      G
               +--------+--------+--------+--------+--------+-----+--------+
         Total |   3754 |   3643 |    111 |    404 |   2547 |   4 |  938.5 |
       Dungeon |   3754 |   3643 |    111 |    404 |   2547 |   4 |  938.5 |
               +--------+--------+--------+--------+--------+-----+--------+

Top non-repeatable levels by time:
     D:2: 1460 daAuts
     D:1: 857 daAuts
     D:3: 741 daAuts
     D:4: 694 daAuts
